 Dungeon Crawl Stone Soup version 0.27-a0-1434-g6f15984924 (webtiles) character file.

Game seed: 9361377010040355906

28 octoduck the Grave Robber (level 3, 0/26 HPs)
             Began as a Hill Orc Necromancer on July 3, 2021.
             Slain by Natasha (4 damage)
             ... on level 1 of the Dungeon.
             The game lasted 00:03:48 (2074 turns).

octoduck the Grave Robber (Hill Orc Necromancer)    Turns: 2074, Time: 00:03:48

Health: 0/26       AC: 13    Str: 10    XL:     3   Next: 14%
Magic:  5/5        EV: 12    Int: 16    God:
Gold:   22         SH:  0    Dex: 11    Spells: 4/5 levels left

rFire    . . .     SeeInvis .   b - +0 hand axe (protect)
rCold    . . .     Faith    .   (no shield)
rNeg     . . .     Spirit   .   a - +0 robe
rPois    .         Reflect  .   (no helmet)
rElec    .         Harm     .   (no cloak)
rCorr    .         Rampage  .   (no gloves)
Will     .....                  (no boots)
Stlth    ++........             (no amulet)
HPRegen  0.08/turn              c - +4 ring of protection
MPRegen  0.09/turn              (no ring)

@: under a protective aura, slowed, very slow
A: no striking features
a: no special abilities


You were on level 1 of the Dungeon.
You visited 1 branch of the dungeon, and saw 2 of its levels.

You collected 22 gold pieces.

Inventory:

Hand Weapons
 b - a +0 hand axe of protection (weapon)
Missiles
 g - 20 poisoned darts
Armour
 a - a +0 robe (worn)
Jewellery
 c - a +4 ring of protection (left hand)


   Skills:
 + Level 3.5 Axes
 - Level 1.5 Dodging
 - Level 1.5 Stealth
 - Level 1.5 Spellcasting
 - Level 4.0 Necromancy


You had 4 spell levels left.
You knew the following spells:

 Your Spells              Type           Power      Damage    Failure   Level
a - Pain                  Necr           56%        1d6       4%          1

Your spell library contained the following spells:

 Spells                   Type           Power      Damage    Failure   Level
 Animate Skeleton         Necr           28%        N/A       4%          1
 Vampiric Draining        Necr           7%         2d7       12%         3
 Animate Dead             Necr           7%         N/A       38%         4
 Agony                    Necr           14%        N/A       75%         5
 Haunt                    Necr/Summ      3%         N/A       100%        7
 Infestation              Necr           7%         N/A       100%        8


Dungeon Overview and Level Annotations

Branches:
Dungeon (2/15)

Altars:

Annotations:
D:1 Natasha


Message History

Natasha claws you.
* * * LOW HITPOINT WARNING * * *
You aren't carrying any scrolls.
You aren't carrying any potions.
c - a +4 ring of protection (left hand)
You hit Natasha.
Your weapon exudes an aura of protection.
Natasha is heavily wounded.
Natasha closely misses you. Natasha claws you but does no damage.
You hit Natasha.
Natasha is severely wounded.
Natasha barely misses you.
You hit Natasha but do no damage.
Natasha is severely wounded.
Natasha closely misses you.
You barely miss Natasha.
Natasha is severely wounded.
Natasha completely misses you.
You barely miss Natasha.
Natasha is severely wounded.
Natasha casts a spell.
You hit Natasha but do no damage.
Natasha is severely wounded.
You hit the crimson imp. Natasha casts a spell at you.
You feel yourself slow down.
The crimson imp hits you but does no damage.
You barely miss Natasha.
Natasha is severely wounded.
You hit the crimson imp. Natasha claws you but does no damage.
The crimson imp barely misses you. Natasha claws you but does no damage.
You closely miss Natasha.
Natasha is severely wounded.
You hit the crimson imp.
The crimson imp hits you but does no damage.
Natasha closely misses you.
The crimson imp blinks!
You miss Natasha.
Natasha is severely wounded.
Natasha claws you.
You die...

########### #......ยง@.#
#.......h.#
#.........########## ###
####.........##.......# ..#
#.........5..##.......#
#)####.##.........##.......#
#......##.........##.......#
#############.######.......#
#)# #....)..#


You could see Natasha and a crimson imp (summoned).

Vanquished Creatures
  A dart slug (D:2)
  An endoplasm (D:2)
  A giant cockroach (D:1)
  2 goblins (D:1)
  3 hobgoblins (D:2)
  2 quokkas
  3 bats
  4 frilled lizards (D:1)
  5 kobolds (D:1)
  3 rats
25 creatures vanquished.

Notes
Turn   | Place    | Note
-------+----------+-------------------------------------------
     0 | D:1      | octoduck the Hill Orc Necromancer began the quest for the
                  | Orb.
     0 | D:1      | Reached XP level 1. HP: 14/14 MP: 3/3
   131 | D:1      | Reached skill level 1 in Axes
   339 | D:1      | Found a faded altar of an unknown god.
   697 | D:1      | Reached XP level 2. HP: 18/20 MP: 1/4
  1847 | D:2      | Reached XP level 3. HP: 20/26 MP: 0/5
  2029 | D:2      | Noticed Natasha
  2074 | D:1      | Slain by Natasha

Illustrated notes

Levels and vault maps discovered:
D:1:      psy_arrival_radial02, layout_rooms, ebering_ecumenical_altar_petrified
D:2:      layout_basic, uniq_natasha, uniq_jessica

Skill      XL: |  1  2 |
---------------+-------+-----
Axes           | 2 3 |  3.5
Dodging        | |  1.5
Stealth        | |  1.5
Spellcasting   | |  1.5
Necromancy     | |  4.0

Action                   || total
-------------------------++-------
Melee: Hand axe          ||    23
 Cast: Pain              ||    53
  Use: Scroll            ||     4
Armor: Robe              ||     9
Dodge: Dodged            ||    24

Table legend: (Time is in decaauts)
 A = Elapsed time spent in this place.
 B = Non-inter-level travel time spent in this place.
 C = Inter-level travel time spent in this place.
 D = Time resting spent in this place.
 E = Time spent auto-exploring this place.
 F = Levels seen in this place.
 G = Mean time per level.
                   A        B        C        D        E       F      G
               +--------+--------+--------+--------+--------+-----+--------+
         Total |   2077 |   1943 |    134 |   1111 |    581 |   2 | 1038.5 |
       Dungeon |   2077 |   1943 |    134 |   1111 |    581 |   2 | 1038.5 |
               +--------+--------+--------+--------+--------+-----+--------+

Top non-repeatable levels by time:
     D:1: 1482 daAuts
     D:2: 595 daAuts
